 Dungeon Crawl Stone Soup version 0.17-a0-1941-gcc30b76 (webtiles) character file.

5247 Kuldar the Thaumaturge (level 10, -1/45 HPs)
             Began as a Deep Elf Wizard on Sept 30, 2015.
             Was a Believer of Vehumet.
             Slain by an unseen horror (10 damage)
             ... on level 10 of the Dungeon.
             The game lasted 00:56:41 (11325 turns).

Kuldar the Thaumaturge (Deep Elf Wizard)           Turns: 11325, Time: 00:56:41

Health: -1/45      AC: 11    Str:  4      XL:     10   Next: 36%
Magic:  23/30      EV: 12    Int: 23      God:    Vehumet [**....]
Gold:   383        SH:  0    Dex: 13 (15) Spells: 5 memorised, 26 levels left

rFire  . . .     SeeInvis .     l - +5 dagger (protect)
rCold  . . .     Clarity  .     y - +2 robe {Archmagi}
rNeg   . . .     SustAt   .     (no shield)
rPois  .         Gourm    .     b - +0 hat
rElec  .         Spirit   .     o - +0 cloak
rCorr  .         Warding  .     (no gloves)
rMut   .         Stasis   .     j - +0 pair of boots
MR     +....                    (no amulet)
Stlth  ++........               (no ring)
                                t - ring of wizardry

@: somewhat resistant to hostile enchantments, unstealthy
A: claws 1, horns 1, agile 1, blurry vision 1, dopey 2, frail 1, spit poison 2,
subdued magic 1
a: Spit Poison, Renounce Religion


You were on level 10 of the Dungeon.
You worshipped Vehumet.
Vehumet was pleased with you.
You were very hungry.

You visited 2 branches of the dungeon, and saw 11 of its levels.

You collected 703 gold pieces.
You spent 320 gold pieces at shops.

Inventory:

Hand weapons
 l - a +5 dagger of protection (weapon)
Armour
 b - a +0 hat (worn)
 j - a +0 pair of boots (worn)
 o - a +0 cloak (worn)
 y - a +2 robe of the Archmagi (worn)
Rods
 x - a -3 rod of the swarm (10/10)
   (You found it on level 3 of the Dungeon)
Jewellery
 a - an uncursed ring of protection from magic
 t - a ring of wizardry (left claw)
 v - an uncursed ring of flight
 w - an uncursed ring of fire
 O - the ring "Puus" {-Tele rElec rN+ MR+ Str+4}
   (You found it on level 7 of the Dungeon)

   [ring of positive energy]

   It affects your strength (+4).
   It insulates you from electricity.
   It protects you from negative energy.
   It affects your resistance to hostile enchantments.
   It prevents most forms of teleportation.
Magical devices
 z - a wand of polymorph (10)
 B - a wand of draining (11)
 L - a wand of frost (31)
 P - a wand of paralysis (13)
 X - a wand of fire (4)
Scrolls
 g - 3 scrolls of fog
 h - 2 scrolls of amnesia
 k - 2 scrolls of enchant armour
 m - a scroll of magic mapping
 p - 4 scrolls of teleportation
 r - 3 scrolls of remove curse
Potions
 e - 5 potions of curing
 f - a potion of might
 n - a potion of haste
 q - a potion of resistance
 s - 3 potions of heal wounds {unknown}
 u - 2 potions of agility
 D - a potion of magic
 H - 2 potions of flight {unknown}
 J - 2 potions of lignification {unknown}
 U - 2 potions of brilliance {unknown}
 W - a potion of beneficial mutation
Books
 c - a book of Minor Magic

   Spells                             Type                      Level
   a - Magic Dart                     Conjuration                  1
   b - Blink                          Translocation                2
   c - Call Imp                       Summoning                    2
   d - Repel Missiles                 Charms/Air                   2
   e - Slow                           Hexes                        2
   f - Conjure Flame                  Conjuration/Fire             3
   g - Mephitic Cloud                 Conjuration/Poison/Air       3
Miscellaneous
 V - a phial of floods
Comestibles
 d - 11 bread rations
 i - 4 meat rations
 E - 2 slices of pizza
 G - 2 beef jerkies


   Skills:
 - Level 2.4 Dodging
 - Level 2.4 Stealth
 * Level 14.0 Spellcasting
 * Level 11.9 Conjurations
   Level 1.1 Summonings
 - Level 1.1 Translocations


You had 26 spell levels left.
You knew the following spells:

 Your Spells              Type           Power        Failure   Level  Hunger
a - Magic Dart            Conj           ####         0%          1    None
b - Blink                 Tloc           N/A          1%          2    None
c - Repel Missiles        Chrm/Air       ###...       1%          2    None
e - Conjure Flame         Conj/Fire      #####...     1%          3    None
h - Mephitic Cloud        Conj/Pois/Air  ####....     1%          3    None


Dungeon Overview and Level Annotations

Branches:
Dungeon (10/15)            Temple (1/1) D:4
   Lair: D:8-11         Orc: D:9-12

Altars:
Ashenzari
Cheibriados
Dithmenos
Elyvilon
Fedhas
Gozag
Kikubaaqudgha
Makhleb
Nemelex Xobeh
Okawaru
Qazlal
Ru
Sif Muna
Trog
Vehumet
Xom
Zin
The Shining One

Shops:
D:4 :(*   D:5 :%[*

Annotations:
D:6 Menkaure


Innate Abilities, Weirdness & Mutations

You have sharp fingernails.
You have a pair of small horns on your head.
You are agile. (Dex +2)
Scrolls take you a little longer to read.
You are very dopey. (Int -4)
You are frail (-10% HP).
You can spit poison.
Your spells are a little easier to cast, but a little less powerful.


Message History

Press: ? - help, Shift-Dir - straight line, f/p - water moccasin
Aim: a water moccasin (severely wounded, paralysed)
You feel a surge of power!
The magic dart hits the water moccasin.
You kill the water moccasin!
Vehumet accepts your kill.
Your Spellcasting skill increases to level 14!
Something hits you.
Unknown command.
Read which item? (? for menu, Esc to quit)
Okay, then.
Remove which piece of jewellery? (? for menu, Esc to quit)
You remove the ring "Puus" {-Tele rElec rN+ MR+ Str+4}.
Something hits you.
Unknown command.
Read which item? (? for menu, Esc to quit)
Something hits you!
* * * LOW HITPOINT WARNING * * *
You begin reading the scroll.
You continue reading the scroll.
Something hits you!
You die...

############## ###
#............# #..
#............# #..
#########....# #####..
#.........# #...... #...@.....#
#...... ####....###### #...###
##..#......†.....#..#####......
................#......#......
...............#......#......
.......#.............#.....#
......#.........#####..#..#
#.....#................#..#
#.....#................#..#


There were no monsters in sight!

Vanquished Creatures
  3 trolls
  2 two-headed ogres
  A wyvern (D:9)
  A spriggan (D:7)
  2 hippogriffs
  A water moccasin (D:10)
  4 ice beasts
  2 ogres
  A wasp (D:9)
  4 orc warriors
  2 black bears
  4 sky beasts
  2 centaurs
  Blork the orc (D:4)
  3 big kobolds
  A gnoll sergeant (D:6)
  3 giant frogs
  A scorpion (D:9)
  A wyvern skeleton (D:6)
  An electric eel (D:8)
  2 killer bees (D:10)
  3 crimson imps
  A quasit (D:10)
  4 hounds
  A centaur zombie (D:6)
  A giant frog skeleton (D:8)
  3 jellies
  3 orc wizards
  2 iguanas
  2 orc priests
  A killer bee zombie (D:9)
  8 worker ants
  A hound zombie (D:5)
  7 adders
  7 gnolls
  A shadow imp (D:9)
  An ooze (D:5)
  An adder skeleton (D:7)
  An adder zombie (D:9)
  2 worms (D:2)
  5 giant geckos
  40 orcs
  A ball python (D:3)
  5 bats
  6 hobgoblins
  4 jackals (D:5)
  21 kobolds
  5 quokkas
  9 giant cockroaches
  2 giant gecko zombies
  5 giant newts
  6 goblins
  A quokka skeleton (D:4)
  7 rats
209 creatures vanquished.

Vanquished Creatures (others)
  A minotaur (D:1)
  A draconian (D:1)
  A gargoyle (D:1)
  A formicid (D:1)
  2 nagas (D:1)
  An ogre (D:1)
  A centaur (D:1)
  2 orcs (D:1)
  2 kobolds (D:1)
  4 tentacles (D:1)
  34 tentacle segments (D:1)
50 creatures vanquished.

Grand Total: 259 creatures vanquished

Notes
Turn   | Place    | Note
--------------------------------------------------------------
     0 | D:1      | Kuldar the Deep Elf Wizard began the quest for the Orb.
     0 | D:1      | Reached XP level 1. HP: 10/10 MP: 7/7
     0 | D:1      | Noticed an ogre
     0 | D:1      | Noticed a draconian
     0 | D:1      | Noticed a gargoyle
     0 | D:1      | Noticed a naga
     0 | D:1      | Noticed a kraken
     0 | D:1      | Noticed a formicid
     0 | D:1      | Noticed a minotaur
     0 | D:1      | Noticed a centaur
     0 | D:1      | Noticed a naga
     2 | D:1      | Killed an ogre
     4 | D:1      | Killed a gargoyle
     9 | D:1      | Killed a centaur
    10 | D:1      | Killed a formicid
    11 | D:1      | Killed a draconian
    11 | D:1      | Killed a naga
    12 | D:1      | Killed a minotaur
    12 | D:1      | Killed a naga
   249 | D:1      | Reached XP level 2. HP: 15/15 MP: 7/9
   644 | D:2      | Found a blossoming altar of Fedhas.
  1000 | D:2      | Found a shimmering altar of Xom.
  1061 | D:2      | Noticed a moth of wrath
  1063 | D:2      | Found a bloodstained altar of Trog.
  1236 | D:2      | Reached XP level 3. HP: 19/19 MP: 4/11
  1579 | D:2      | Reached skill level 5 in Spellcasting
  1799 | D:3      | Learned a level 2 spell: Blink
  1802 | D:3      | Learned a level 2 spell: Repel Missiles
  1806 | D:3      | Learned a level 3 spell: Conjure Flame
  1810 | D:3      | Learned a level 3 spell: Mephitic Cloud
  1934 | D:3      | You fall through a shaft!
  1934 | D:4      | Found a staircase to the Ecumenical Temple.
  1941 | D:4      | Reached XP level 4. HP: 24/24 MP: 5/13
  1943 | Temple   | Entered the Ecumenical Temple
  2109 | D:4      | Noticed Blork the orc
  2344 | D:3      | Reached XP level 5. HP: 28/28 MP: 6/15
  2390 | D:3      | Reached skill level 6 in Spellcasting
  3108 | D:4      | Reached skill level 5 in Conjurations
  3135 | D:4      | Reached XP level 6. HP: 32/32 MP: 4/17
  3263 | D:4      | Killed Blork the orc
  3263 | D:4      | Reached skill level 7 in Spellcasting
  3323 | D:4      | Found Luammits's Weapon Shoppe.
  3345 | D:4      | Found a shattered altar of Ashenzari.
  3345 | D:4      | Found a snail-covered altar of Cheibriados.
  3346 | D:4      | Found a deep blue altar of Sif Muna.
  3346 | D:4      | Found a glowing silver altar of Zin.
  3347 | D:4      | Found a stormy altar of Qazlal.
  3546 | D:4      | Found Qoggeis's Assorted Antiques.
  3552 | D:4      | Bought a scroll labeled JEMNEU HORE for 23 gold pieces
  3552 | D:4      | Bought a lumpy pink potion for 20 gold pieces
  3552 | D:4      | Bought a blackened bone wand for 92 gold pieces
  3552 | D:4      | Bought a scroll labeled JEMNEU HORE for 23 gold pieces
  3552 | D:4      | Bought a scroll labeled VOROUR JEUSH for 23 gold pieces
  3552 | D:4      | Bought a murky orange potion for 20 gold pieces
  3552 | D:4      | Bought a fuming coppery potion for 20 gold pieces
  3588 | D:4      | Identified a -3 rod of the swarm (10/10) (You found it on level 3 of the Dungeon)
  3902 | D:4      | Found Focuekim's Book Shoppe.
  3942 | D:5      | Entered Level 5 of the Dungeon
  3942 | D:5      | Found Yroycuc's Gadget Shop.
  4145 | D:5      | Found Yrene's Assorted Antiques.
  4155 | D:5      | Bought a golden potion for 18 gold pieces
  4155 | D:5      | Bought a scroll labeled EBACWOG OLIC for 21 gold pieces
  4155 | D:5      | Bought a fizzy clear potion for 18 gold pieces
  4155 | D:5      | Bought a scroll labeled SESTOF GUNOOTT for 21 gold pieces
  4155 | D:5      | Bought a scroll labeled ENEOP USIS for 21 gold pieces
  4205 | D:5      | Found Qeyn's Book Emporium.
  4367 | D:5      | Found Foqyvvog's Food Boutique.
  4392 | D:5      | Found a shimmering altar of Xom.
  4453 | D:5      | Found Wuixkeka's Antique Armour Shop.
  4781 | D:6      | Noticed Menkaure
  4823 | D:6      | Reached XP level 7. HP: 36/36 MP: 14/20
  4876 | D:6      | Reached skill level 8 in Spellcasting
  5537 | D:7      | Found a sparkling altar of Nemelex Xobeh.
  5572 | D:6      | Reached skill level 9 in Spellcasting
  5998 | D:7      | Reached XP level 8. HP: 39/41 MP: 0/23
  6105 | D:7      | Noticed a hill giant
  6442 | D:7      | Got a vibrating marble ring
  6745 | D:7      | Gained mutation: You have a pair of small horns on your head. [helix card]
  6962 | D:7      | Reached skill level 10 in Spellcasting
  7078 | D:7      | Noticed a spriggan baker
  7085 | D:7      | Killed a spriggan baker
  7356 | D:6      | Identified the ring "Puus" {-Tele rElec rN+ MR+ Str+4} (You found it on level 7 of the Dungeon)
  7486 | D:8      | Reached skill level 11 in Spellcasting
  7807 | D:8      | Found a radiant altar of Vehumet.
  7969 | D:8      | Became a worshipper of Vehumet
  8071 | D:8      | Reached XP level 9. HP: 29/45 MP: 0/26
  8338 | D:8      | Gained mutation: You are partially covered in icy blue scales (AC +1). [mutagenic meat]
  8339 | D:8      | Gained mutation: You can spit weak poison. [mutagenic meat]
  8341 | D:8      | Gained mutation: You are frail (-10% HP). [mutagenic meat]
  8457 | D:8      | Gained mutation: You are dopey. (Int -2) [mutagenic meat]
  8458 | D:8      | Gained mutation: You are very dopey. (Int -4) [mutagenic meat]
  8459 | D:8      | Gained mutation: Your spells are a little easier to cast, but a little less powerful. [mutagenic meat]
  8599 | D:8      | Noticed a two-headed ogre
  8607 | D:8      | Killed a two-headed ogre
  8607 | D:8      | Reached skill level 12 in Spellcasting
  8607 | D:8      | Reached skill level 10 in Conjurations
  8969 | D:9      | Acquired Vehumet's first power
  8969 | D:9      | Offered knowledge of Flame Tongue by Vehumet.
  9213 | D:9      | Found an opulent altar of Gozag.
  9525 | D:9      | Reached skill level 13 in Spellcasting
  9672 | D:9      | Gained mutation: You can spit poison. [mutagenic meat]
  9674 | D:9      | Gained mutation: You have sharp fingernails. [mutagenic meat]
  9675 | D:9      | Gained mutation: Your body sometimes deteriorates upon taking damage. [mutagenic meat]
  9676 | D:9      | Gained mutation: Scrolls take you a little longer to read. [mutagenic meat]
  9677 | D:9      | Lost mutation: You are partially covered in icy blue scales (AC +1). [mutagenic meat]
  9726 | D:9      | Reached XP level 10. HP: 34/45 MP: 6/29
  9831 | D:9      | Found a burning altar of Makhleb.
 10142 | D:9      | Lost mutation: Your body sometimes deteriorates upon taking damage. [mutagenic meat]
 10536 | D:9      | Identified a scroll of acquirement
 10567 | D:9      | Gained mutation: You are agile. (Dex +2) [potion of mutation]
 10621 | D:9      | Offered knowledge of Searing Ray by Vehumet.
 10663 | D:10     | Entered Level 10 of the Dungeon
 11322 | D:10     | Reached skill level 14 in Spellcasting
 11325 | D:10     | Slain by an unseen horror

Vault maps used:
D:1:      nicolae_arrival_kraken_aquarium_a
D:2:      old_standard_altar, tgw_trog, lemuel_round_altar,
          minmay_stone_trees_medium
D:3:      wad_floor_pattern_1, moated_statue
D:4:      minitemple, minmay_temple_entry_large_hall, first_bread, serial_shops,
          kennysheep_little_box, shop, nicolae_shop_waterfront,
          minmay_misc_feat_chi, minivault_27, minmay_misc_feat_enclosed,
          uniq_blork_the_orc
D:5:      basic_altar, serial_shops, nicolae_shop_stone, shop, shop, shop,
          shop_statue, minmay_splitting_lines, minivault_14
D:6:      yredelemnul_forgotten_temple_becter, uniq_menkaure
D:7:      the_bakery, roderic_roman_lattice, minmay_misc_feat_alley,
          nemelex_deck
D:8:      nicolae_overflow_crystal_walls, serial_bayou_ford_a
D:9:      old_standard_altar, kennysheep_mini_moat
Temple:   temple_island_7

Action                   |  1- 3 |  4- 6 |  7- 9 | 10-12 || total
-------------------------+-------+-------+-------+-------++-------
Melee: Dagger            |       |     5 |     4 |       ||     9
 Cast: Magic Dart        |    92 |   133 |   411 |   133 ||   769
       Conjure Flame     |       |     7 |    30 |     4 ||    41
       Mephitic Cloud    |       |     4 |    35 |     7 ||    46
       Blink             |       |       |     4 |     4 ||     8
 Abil: Spit Poison       |       |       |       |     5 ||     5
Evoke: Wand              |       |       |     5 |     1 ||     6
       Deck              |       |       |     6 |     3 ||     9
  Use: Scroll            |       |       |       |    24 ||    24
       Potion            |       |       |       |     1 ||     1
 Stab: Confused          |       |     1 |       |       ||     1
  Eat: Chunk             |     2 |     5 |    29 |     7 ||    43
       Meat ration       |       |     1 |       |       ||     1
